Map: Prion Terraces

Players

Miszu - Winner!

  • Race: Terran Terran
  • League: Grandmaster

WOLOLO

  • Race: Zerg Zerg
  • League: Grandmaster

VOD

Have the link to the VOD?

Description

Time

  • Played on: Feb. 19, 2016, 6:35 p.m.
  • Length: 4:38
Show
View Real Time Build Order
Export as new Build Order

Miszu Terran - Winner!

Build Orders:  

Get SALT Encoding   

  12  0:00  SCV  
  13  0:12  SCV  
  14  0:19  Supply Depot  
  14  0:25  SCV  
  16  0:44  Barracks  
  15  0:54  Barracks  
  15  1:06  Barracks  
  15  1:31  Marine  
  15  1:32  Barracks  
  16  1:41  Marine  
  16  1:42  Supply Depot  
  17  1:49  Marine  
  17  1:53  Marine  
  19  1:59  Marine  
  20  2:06  Marine  
  21  2:11  Marine  
  22  2:17  Marine  
  23  2:24  Marine  
  23  2:28  Marine  
  23  2:29  Marine  
  26  2:34  Marine  
  27  2:42  Marine  
  22  2:46  Marine  
  22  2:47  Marine  
  22  2:52  Marine  
  21  3:00  Marine  
  21  3:04  Marine  
  21  3:05  Marine  
  24  3:10  Marine  
  25  3:18  Marine  
  25  3:22  Marine  
  25  3:23  Marine  
  24  3:28  Marine  
  24  3:35  Marine  
  24  3:40  Marine  
  24  3:41  Marine  
  27  3:46  Marine  
  28  3:53  Marine  
  28  3:57  Marine  
  28  3:58  Marine  
  30  4:03  Marine  
Show
View Real Time Build Order
Export as new Build Order

WOLOLO Zerg 

Build Orders: Hatch First 

Get SALT Encoding   

  12  0:02  Drone  
  13  0:12  Overlord  
  13  0:17  Drone  
  14  0:30  Drone x2  
  14  0:35  Drone  
  17  0:51  Hatchery  
  17  0:54  Drone  
  17  0:58  Drone  
  18  1:06  Drone  
  18  1:08  Extractor  
  18  1:17  Spawning Pool  
  18  1:18  Drone  
  18  1:28  Drone  
  19  1:39  Overlord  
  19  1:50  Drone  
  20  2:03  Queen  
  20  2:04  Zergling x4, Queen  
  26  2:11  Metabolic Boost  
  26  2:12  Drone  
  26  2:15  Drone  
  29  2:22  Zergling x2  
  29  2:26  Zergling x2  
  28  2:32  Spine Crawler  
  28  2:34  Zergling x2  
  25  2:38  Zergling x2  
  20  2:49  Zergling x2  
  17  2:53  Drone  
  18  3:00  Drone  
  16  3:21  Zergling x6  
  19  3:27  Zergling x2  
  19  3:28  Zergling x2  
  19  3:31  Zergling x2  
  22  3:34  Zergling x2  
  22  3:40  Zergling x2  
  23  3:46  Zergling x2  
  24  3:51  Zergling x2  
  25  3:56  Zergling x2  
  25  4:02  Zergling x2  
  27  4:06  Overlord  
Tags
 
Add a new tag
Caveats
  • Supply blocks, unpowered buildings, or Contaminate may cause inaccurate times.
  • Supply counts are checked every 10 seconds.